 Dungeon Crawl Stone Soup version 0.32-a0-433-g08bcfe7efd (webtiles) character file.

Game seed: 6752181220888714096

10131 Aldia the Fighter (level 11, -10/110 (114) HPs)
             Began as a Naga Ice Elementalist on Feb 22, 2024.
             Was an Initiate of Gozag.
             Mangled by a tentacled starspawn (22 damage)
             ... on level 2 of the Abyss.
             The game lasted 00:58:11 (12586 turns).

Aldia the Fighter (Naga Ice Elementalist)          Turns: 12586, Time: 00:58:12

HP:   -10/110 (114) AC:  6    Str: 10    XL:     11   Next: 57%
MP:   18/18         EV: 12    Int: 19    God:    Gozag
Gold: 1375          SH:  5    Dex: 19    Spells: 2/20 levels left

rFire   . . .        Q - +2 arbalest (freeze)
rCold   + . .        (shield currently unavailable)
rNeg    . . .        K - +0 robe {rC+}
rPois   +            (no helmet)
rElec   .            J - +0 cloak
rCorr   .            H - +0 pair of gloves
SInv    +            (no barding)
Will    ++...        g - amulet of reflection
Stlth   +++          k - +4 ring of slaying
HPRegen 0.38/turn    v - +6 ring of dexterity
MPRegen 0.16/turn

%: reflection
@: mighty, brilliant, about to teleport, enlightened, flying, hasted, studying 2
skills, lightly drained, quick
A: AC +3, large, see invisible, deformed body, poison resistance, slowness 2,
spit poison 1, naga tail 1
a: Spit Poison, Renounce Religion, Potion Petition, Call Merchant, Bribe Branch


You were on level 2 of the Abyss.
You worshipped Gozag.
Gozag was most pleased with you.
You visited 2 branches of the dungeon, and saw 11 of its levels.
You visited the Abyss 1 time.
You also visited: Bailey.

You collected 2458 gold pieces.
You paid 1083 gold pieces to Gozag.

Inventory:

Hand Weapons
 j - a +0 heavy broad axe
 E - the +6 dagger of Duafuef {vamp, *Noise Str+4}
   (You found it on level 3 of the Dungeon)

   Str+4:     It affects your strength (+4).
   *Noise:    It may make a loud noise when swung.
 F - a +0 heavy war axe
 I - the +1 hand axe of Welfare {spect, Will+}
   (You took it off an orc on level 5 of the Dungeon)

   Will+:     It increases your willpower.
 L - a +2 short sword of electrocution
 Q - a +2 arbalest of freezing (weapon)
Armour
 a - a +0 robe
 r - a scarf of shadows
 D - a +0 buckler
 H - a +0 pair of gloves (worn)
 J - a +0 cloak (worn)
 K - a +0 robe of cold resistance (worn)
Magical Staves
 f - a staff of earth
 h - a staff of cold
Jewellery
 g - an amulet of reflection (around neck)
 k - a +4 ring of slaying (left hand)
 v - a +6 ring of dexterity (right hand)
 G - an amulet of magic regeneration
 M - a ring of protection from fire
Talismans
 B - the maw talisman of the Known World {Int+4 Stlth-}
   (You found it on level 4 of the Dungeon)

   [maw talisman]

   Int+4:     It affects your intelligence (+4).
   Stlth-:    It makes you less stealthy.
Scrolls
 b - a scroll of poison
 d - 6 scrolls of teleportation
 e - 3 scrolls of blinking
 i - 2 scrolls of fear
 o - 2 scrolls of brand weapon
 p - a scroll of amnesia
 s - 2 scrolls of vulnerability
 t - a scroll of immolation {unknown}
 y - a scroll of enchant armour {unknown}
 C - a scroll of fog {unknown}
 P - 4 scrolls of enchant weapon
 R - a scroll of revelation
Potions
 l - 3 potions of might
 m - a potion of invisibility
 n - 3 potions of mutation
 q - a potion of haste
 u - 4 potions of curing
 w - 2 potions of brilliance
 z - a potion of cancellation {unknown}
 A - a potion of ambrosia {unknown}
 N - a potion of berserk rage {unknown}
 S - a potion of lignification
 T - a potion of attraction


   Skills:
 - Level 12.0 Fighting
 * Level 8.1 Ranged Weapons
 + Level 4.7 Dodging
 - Level 4.0 Stealth
 - Level 2.0 Shields
 - Level 5.0 Spellcasting
 - Level 6.0 Summonings
 - Level 5.0 Translocations
 - Level 7.0 Ice Magic
 - Level 2.8 Air Magic


You had 2 spell levels left.
You knew the following spells:

 Your Spells              Type           Power      Damage    Failure   Level
a - Freeze                Ice            100%       1d10      1%          1
b - Frozen Ramparts       Ice            94%        1d15      1%          3
c - Summon Ice Beast      Ice/Summ       44%        N/A       2%          3
d - Ozocubu's Armour      Ice            47%        N/A       1%          3
e - Call Imp              Summ           82%        N/A       1%          2
f - Blink                 Tloc           70%        N/A       2%          2
g - Apportation           Tloc           70%        N/A       1%          1
h - Swiftness             Air            23%        N/A       12%         3

Your spell library contained the following spells:

 Spells                   Type           Power      Damage    Failure   Level
 Shock                    Conj/Air       60%        1d6       7%          1
 Magic Dart               Conj           28%        1d4       12%         1
 Sandblast                Erth           14%        2d6       12%         1
 Jinxbite                 Hex            14%        N/A       19%         2
 Volatile Blastmotes      Fire/Tloc      42%        2d13      13%         3
 Passwall                 Erth           7%         N/A       36%         3
 Stone Arrow              Conj/Erth      14%        3d7       36%         3
 Airstrike                Air            11%        2d(2-18)  36%         4
 Iskenderun's Mystic Bla  Conj/Tloc      21%        2d6       41%         4
 Brom's Barrelling Bould  Conj/Erth      7%         2d3       77%         4
 Fulminant Prism          Conj/Alch      3%         3d5       77%         4
 Ignite Poison            Fire/Alch      7%         N/A       77%         4
 Sticky Flame             Fire/Alch      7%         2d4       77%         4
 Alistair's Intoxication  Alch           4%         N/A       98%         5
 Ignition                 Fire           3%         3d4       100%        8


Dungeon Overview and Level Annotations

Branches:
Dungeon (10/15)            Temple (1/1) D:4            Lair (0/5) D:8
 Bailey (visited)
    Orc: D:9-12

Altars:
Ashenzari
Cheibriados
Dithmenos
Elyvilon
Fedhas
Gozag
Hepliaklqana
Kikubaaqudgha
Makhleb
Nemelex Xobeh
Okawaru
Qazlal
Ru
Sif Muna
Trog
Uskayaw
Vehumet
Wu Jian
Xom
Yredelemnul
Zin
The Shining One

Annotations:
D:6 3 runed translucent doors, Newt's ghost, novice DsGl
D:9 exclusion: 2 oklob saplings


Innate Abilities, Weirdness & Mutations

Your serpentine skin is tough. (AC +3)
You have supernaturally acute eyesight. (SInv)
Armour fits poorly on your strangely shaped body.
Your system is resistant to poisons. (rPois)
You cover ground very slowly.
You can spit poison.
You have a snake-like lower body.


Message History

Your butterfly is poisoned. x2; Your butterfly looks even sicker.
Your butterfly is engulfed in poison gas.
Your butterfly looks even sicker.
You kill your butterfly!
Your butterfly disappears in a burst of colours!
A tentacle flies out from the starspawn's body!
Your butterfly looks even sicker.
A starspawn tentacle comes into view.
Unknown command.
Unknown command.
Unknown command.
Unknown command.
You shoot a bolt. The bolt hits the tentacled starspawn!
The bolt freezes the tentacled starspawn.
The tentacled starspawn is moderately damaged.
You kill your butterfly!
Your butterfly disappears in a burst of colours!
Your butterfly is engulfed in poison gas.
Your butterfly is poisoned.
You kill your butterfly!
Your butterfly disappears in a burst of colours!
The tentacled starspawn bites you.
The tentacled starspawn tentacle-slaps you.
The starspawn tentacle barely misses you.
Unknown command.
Unknown command.
Unknown command.
Unknown command.
Unknown command.
As you read the scroll labelled ZAEDI ACVEUJU, it crumbles to dust.
Your body is wracked with pain!
* * * LOW HITPOINT WARNING * * *
It was a scroll of torment.
The Hell Sentinel hits you but does no damage.
The Hell Sentinel hits you!
* * * LOW HITPOINT WARNING * * *
The tentacled starspawn barely misses you.
The tentacled starspawn tentacle-slaps you!!
You die...
Your body crumbles into a pile of gold.

#.. #.
...│#. ...#
.. ###X## ..
#..
..#..#....#
..#
....#.#.###
###§# .#.
.###..##.§#
#.
###...\#.§#
# .
#b.###..§..#
##.##.1#§#
.# #
.#@§§#..
#.Xw#.# #
#§§#§§.# #
#§§######
§§#§## ##
.§§.§. #
#§.§.#
#.###. .. ..


You could see a Hell Sentinel, a tentacled starspawn and a starspawn tentacle.

Vanquished Creatures
  An orc knight (Bailey)
  Psyche (D:9)
  A troll (D:9)
  A polar bear (D:10)
  Prince Ribbit (D:6)
  A wyvern (D:8)
  18 yaks
  A steam dragon (D:8)
  2 water moccasins
  Duvessa (D:6)
  12 orc warriors
  3 sky beasts
  4 ogres
  A centaur (D:6)
  A phantom (D:6)
  A weeping skull (Abyss:2)
  4 kobold brigands
  5 bullfrogs
  4 scorpions
  4 wights
  9 killer bees
  An electric eel (D:10)
  4 howler monkeys
  2 hounds
  5 jellies
  A gnoll bouda (D:7)
  14 orc priests
  2 sleepcaps
  3 iguanas
  10 orc wizards
  A gnoll (D:7)
  20 adders
  A shadow imp (D:5)
  2 white imps (D:10)
  4 ufetubi
  4 dart slugs
  A ribbon worm (D:2)
  56 orcs
  8 ball pythons
  3 bats
  9 endoplasms
  5 giant cockroaches
  6 goblins
  6 hobgoblins
  3 jackals (D:9)
  3 quokkas
  4 frilled lizards
  18 kobolds
  8 rats
  A starspawn tentacle (Abyss:2)
281 creatures vanquished.

Vanquished Creatures (collateral kills)
  A water moccasin (D:5)
  A sky beast (D:7)
  2 orc warriors (Bailey)
  A kobold brigand (D:7)
  Dowan (D:6)
  A killer bee (D:9)
  An orc priest (D:8)
  2 iguanas
  An orc wizard (D:9)
  3 gnolls (D:7)
  11 orcs
  4 goblins (D:7)
  8 kobolds (D:7)
37 creatures vanquished.

Vanquished Creatures (others)
  An orc wizard (D:5)
  A kobold (D:7)
  2 starspawn tentacles (Abyss:2)
4 creatures vanquished.

Grand Total: 322 creatures vanquished

Notes
Turn   | Place    | Note
-------+----------+-------------------------------------------
     0 | D:1      | Aldia the Naga Ice Elementalist began the quest for the
                  | Orb.
     0 | D:1      | Reached XP level 1. HP: 15/15 MP: 3/3
    79 | D:1      | Reached XP level 2. HP: 24/24 MP: 0/5
    87 | D:1      | HP: 1/24 [ball python (3)]
   326 | D:1      | Reached skill level 1 in Fighting
   573 | D:1      | Reached XP level 3. HP: 27/31 MP: 4/6
   577 | D:1      | Learned a level 3 spell: Frozen Ramparts
  1197 | D:2      | Learned a level 3 spell: Summon Ice Beast
  1222 | D:2      | Reached XP level 4. HP: 25/38 MP: 0/8
  1423 | D:2      | Reached skill level 5 in Ice Magic
  2012 | D:3      | Identified the +6 dagger of Duafuef {vamp, *Noise Str+4}
  2334 | D:3      | Reached XP level 5. HP: 44/44 MP: 7/9
  2841 | D:3      | Learned a level 3 spell: Ozocubu's Armour
  3367 | D:4      | Found a staircase to the Ecumenical Temple.
  3372 | D:4      | Identified the maw talisman of the Known World {Int+4
                  | Stlth-}
  3402 | Temple   | Entered the Ecumenical Temple
  3576 | Temple   | Became a worshipper of Gozag Ym Sagoz the Greedy
  3827 | D:4      | Reached skill level 2 in Fighting
  3827 | D:4      | Reached XP level 6. HP: 49/52 MP: 0/10
  3829 | D:4      | Reached skill level 1 in Shields
  4511 | D:5      | Entered Level 5 of the Dungeon
  4520 | D:5      | Reached skill level 3 in Fighting
  4520 | D:5      | Reached skill level 1 in Summonings
  4549 | D:5      | Noticed a water moccasin
  4553 | D:5      | Reached XP level 7. HP: 62/62 MP: 9/11
  4674 | D:5      | Reached skill level 4 in Fighting
  4679 | D:5      | Learned a level 2 spell: Call Imp
  4784 | D:5      | Identified the +1 hand axe of Welfare {spect, Will+}
  4940 | D:5      | Found a shimmering altar of Xom.
  4947 | D:5      | Reached skill level 5 in Fighting
  4947 | D:5      | Reached XP level 8. HP: 54/74 MP: 3/14
  5696 | D:6      | Noticed Prince Ribbit
  5696 | D:6      | Noticed a yak
  5696 | D:6      | Noticed a yak
  5696 | D:6      | Noticed a yak
  5696 | D:6      | Noticed a yak
  5706 | D:5      | Killed a yak
  5707 | D:5      | Reached skill level 6 in Fighting
  5707 | D:5      | Reached skill level 5 in Summonings
  5707 | D:5      | Killed a yak
  5708 | D:5      | Reached skill level 5 in Spellcasting
  5711 | D:5      | Learned a level 2 spell: Blink
  5713 | D:5      | Learned a level 1 spell: Apportation
  6102 | D:6      | Found a sparkling altar of Nemelex Xobeh.
  6165 | D:6      | Noticed Dowan
  6167 | D:6      | Noticed Duvessa
  6174 | D:6      | Killed Dowan
  6181 | D:6      | Reached XP level 9. HP: 83/85 MP: 11/16
  6188 | D:6      | Killed Duvessa
  6594 | D:6      | Learned a level 3 spell: Swiftness
  6649 | D:6      | Found a runed translucent gate.
  6650 | D:6      | Found a runed translucent gate.
  6652 | D:6      | Found a runed translucent gate.
  6652 | D:6      | Noticed Newt's ghost (novice DsGl)
  6692 | D:6      | Found a hide-covered altar of Uskayaw.
  6717 | D:6      | Reached skill level 7 in Fighting
  7131 | D:6      | Killed Prince Ribbit
  7132 | D:6      | Reached skill level 8 in Fighting
  7401 | D:7      | Found a flagged portal.
  7441 | Bailey   | Entered a bailey
  7500 | Bailey   | Reached skill level 5 in Translocations
  7568 | Bailey   | Reached skill level 9 in Fighting
  7661 | Bailey   | Reached XP level 10. HP: 59/99 MP: 8/17
  7952 | Bailey   | Reached skill level 10 in Fighting
  8101 | Bailey   | Found a roughly hewn altar of Beogh.
  8101 | Bailey   | Noticed an orc knight
  8135 | Bailey   | Killed an orc knight
  8366 | D:7      | Reached skill level 1 in Ranged Weapons
  9512 | D:8      | Reached skill level 11 in Fighting
  9556 | D:8      | Reached skill level 5 in Ranged Weapons
  9575 | D:8      | Reached XP level 11. HP: 34/111 MP: 4/18
 10085 | D:8      | Found a staircase to the Lair.
 10251 | D:8      | Found a glowing silver altar of Zin.
 10480 | D:8      | Found a snail-covered altar of Cheibriados.
 10850 | D:9      | Reached skill level 12 in Fighting
 11502 | D:9      | Noticed Psyche
 11503 | D:9      | Killed Psyche
 12196 | D:10     | Entered Level 10 of the Dungeon
 12468 | D:10     | Noticed an occultist
 12469 | Abyss:2  | Cast into level 2 of the Abyss (an occultist)
 12490 | Abyss:2  | Noticed a blizzard demon
 12564 | Abyss:2  | Noticed a tentacled starspawn
 12572 | Abyss:2  | Noticed a Hell Sentinel
 12586 | Abyss:2  | Mangled by a tentacled starspawn

Illustrated notes

Levels and vault maps discovered:
D:1:      scummos_arrival_hexagon, layout_rooms, st_stairs_9
D:2:      layout_basic, minmay_pentomino_o4
D:3:      layout_basic, grunt_decor_cap
D:4:      layout_basic, minmay_temple_entry_glass, nicolae_nh_ransacked_shop
D:5:      layout_loops_corners, mainiacjoe_overflow_chevrons
D:6:      minmay_general_purpose_star, layout_loops_cross,
          amcnicky_altar_gilded, marbit_many_paths,
          gammafunk_ghost_nasty_kobolds, minmay_circle_x, uniq_duvessa,
          uniq_prince_ribbit1
D:7:      layout_cave_pools, enter_bailey_5, grunt_tough_drop
D:8:      layout_basic, cheibriados_altar_1, zin_academy, lair_entry_dummy
D:9:      layout_loops_ring, special_room [special_room_orc],
          introduction_to_nature_2, uniq_psyche
D:10:     minmay_opposing_rooms, layout_loops_corners, david_orc_4, serial_ice,
          serial_ice_f, serial_ice_b, serial_ice_l, serial_ice_n,
          minmay_misc_feat_columns
Temple:   minmay_crystal_spiral_temple
Abyss:2:  base: D:4, minivault_1, evilmike_abyss_exit_16, hangedman_abyss_town

Skill      XL: |  1  2  3  4  5  6  7  8  9 10 11 |
---------------+----------------------------------+-----
Fighting       | 1 2 3 5 6 9 11 12 | 12.0
Ice Magic      | 5 6 7 |  7.0
Stealth        | 4 |  4.0
Spellcasting   | 3 4 5 |  5.0
Shields        | 2 |  2.0
Summonings     | 1 4 5 6 |  6.0
Dodging        | 2 3 4 |  4.7
Translocations | 5 |  5.0
Air Magic      | 2 |  2.8
Ranged Weapons | 5 8 |  8.1

Action                     |  1- 3 |  4- 6 |  7- 9 | 10-12 || total
---------------------------+-------+-------+-------+-------++-------
  Melee: Unarmed           |    16 |       |       |       ||    16
         Staff             |     6 |     7 |       |       ||    13
         Dagger            |       |    26 |    87 |       ||   113
         Short sword       |       |       |    37 |    69 ||   106
   Fire: Arbalest          |       |       |       |   215 ||   215
   Cast: Freeze            |    59 |    39 |     7 |    11 ||   116
         Frozen Ramparts   |       |     5 |    17 |    28 ||    50
         Ozocubu's Armour  |       |     2 |    10 |     8 ||    20
         Summon Ice Beast  |       |       |    12 |     9 ||    21
         Call Imp          |       |       |    10 |    18 ||    28
 Invoke: Potion Petition   |       |       |       |     3 ||     3
Ability: Spit Poison       |       |     2 |    21 |    17 ||    40
    Use: Scroll            |     4 |     6 |     3 |     8 ||    21
         Potion            |     1 |       |     1 |     7 ||     9
   Stab: Sleeping          |       |     5 |     2 |     3 ||    10
         Distracted        |       |       |     3 |     2 ||     5
         Invisible         |       |       |       |     1 ||     1
 Armour: Robe              |    42 |    19 |   122 |   187 ||   370
  Dodge: Dodged            |    38 |    23 |    75 |   109 ||   245
  Block: Other             |    11 |     8 |       |    34 ||    53
         Buckler           |       |     5 |    62 |    27 ||    94
         Reflection        |       |       |    11 |     2 ||    13

Table legend: (Time is in decaauts)
 A = Elapsed time spent in this place.
 B = Non-inter-level travel time spent in this place.
 C = Inter-level travel time spent in this place.
 D = Time resting spent in this place.
 E = Time spent auto-exploring this place.
 F = Levels seen in this place.
 G = Mean time per level.
                   A        B        C        D        E       F      G
               +--------+--------+--------+--------+--------+-----+--------+
         Total |  15693 |  14817 |    876 |    665 |  11253 |  13 | 1207.2 |
       Dungeon |  14595 |  13821 |    774 |    280 |  11165 |  10 | 1459.5 |
        Temple |    127 |     26 |    101 |      0 |      0 |   1 |  127.0 |
         Abyss |    147 |    147 |      0 |     24 |     28 |   1 |  147.0 |
        Bailey |    823 |    823 |      0 |    361 |     59 |   1 |  823.0 |
               +--------+--------+--------+--------+--------+-----+--------+

Top non-repeatable levels by time:
     D:8: 2140 daAuts
     D:9: 1879 daAuts
     D:6: 1847 daAuts
     D:3: 1808 daAuts
     D:5: 1694 daAuts
     D:2: 1518 daAuts
     D:4: 1469 daAuts
     D:7: 1172 daAuts
     D:1: 864 daAuts
  Bailey: 823 daAuts
    D:10: 200 daAuts
 Abyss:2: 147 daAuts
  Temple: 127 daAuts
